 Dungeon Crawl Stone Soup version 0.31-a0-236-g9a0961fb85 (webtiles) character file.

Game seed: 2963013209525727041

293 mdsw14 the Sneak (level 6, -1/36 HPs)
             Began as a Kobold Enchanter on July 10, 2023.
             Slain by Pikel
             ... wielding a +2 whip of flaming
              (2 damage)
             ... on level 4 of the Dungeon.
             The game lasted 00:26:49 (5197 turns).

mdsw14 the Sneak (Kobold Enchanter)                 Turns: 5197, Time: 00:26:50

Health: -1/36      AC:  3    Str:  6    XL:     6   Next: 60%
Magic:  5/10       EV: 15    Int: 18    God:
Gold:   99         SH:  0    Dex: 15    Spells: 6/11 levels left

rFire   . . .        f - +0 short sword (venom)
rCold   . . .        (no shield)
rNeg    + . .        l - +0 robe {rN+}
rPois   .            (no helmet)
rElec   .            h - +0 cloak
rCorr   .            (no gloves)
SInv    .            (no boots)
Will    .....        (no amulet)
Stlth   ++++         (no ring)
HPRegen 0.26/turn    (no ring)
MPRegen 0.12/turn

%: no passive effects
@: no status effects
A: small, no large weapons, nightstalker 3
a: no special abilities


You were on level 4 of the Dungeon.
You visited 1 branch of the dungeon, and saw 5 of its levels.

You collected 159 gold pieces.
You spent 60 gold pieces at shops.

Inventory:

Hand Weapons
 a - a +1 dagger
 f - a +0 short sword of venom (weapon)
Missiles
 e - 77 stones
Armour
 h - a +0 cloak (worn)
 l - a +0 robe of positive energy (worn)
Scrolls
 d - a scroll of amnesia {unknown}
 g - 2 scrolls of blinking
 j - 2 scrolls of teleportation
 n - a scroll of brand weapon {unknown}
 o - 3 scrolls of revelation {unknown}
 p - a scroll of silence {unknown}
 q - a scroll of poison {unknown}
Potions
 b - a potion of might {unknown}
 c - 2 potions of invisibility
 i - a potion of haste
 k - 2 potions of degeneration {unknown}
 m - a potion of enlightenment {unknown}
 r - a potion of mutation {unknown}


   Skills:
 + Level 2.3 Fighting
 + Level 3.5 Short Blades
 + Level 3.8 Dodging
 + Level 5.3 Stealth
 + Level 3.2 Spellcasting
 + Level 4.0 Hexes


You had 6 spell levels left.
You knew the following spells:

 Your Spells              Type           Power      Damage    Failure   Level
a - Ensorcelled Hibernat  Hex/Ice        20%        N/A       11%         2
b - Tukima's Dance        Hex            17%        N/A       10%         3

Your spell library contained the following spells:

 Spells                   Type           Power      Damage    Failure   Level
 Confusing Touch          Hex            17%        N/A       10%         3
 Dazzling Flash           Conj/Hex       20%        N/A       22%         3
 Portal Projectile        Hex/Tloc       20%        N/A       22%         3
 Cigotuvi's Dreadful Rot  Necr/Pois/Air  4%         N/A       24%         2
 Call Canine Familiar     Summ           2%         N/A       43%         3
 Ignite Poison            Fire/Tmut/Pois 2%         N/A       43%         3
 Ozocubu's Armour         Ice            2%         N/A       43%         3
 Leda's Liquefaction      Hex/Erth       5%         N/A       56%         4
 Metabolic Englaciation   Hex/Ice        5%         N/A       89%         5
 Freezing Cloud           Conj/Ice/Air   1%         6-21      99%         5
 Simulacrum               Ice/Necr       1%         N/A       100%        6


Dungeon Overview and Level Annotations

Branches:
Dungeon (5/15)
 Temple: D:4-7

Altars:
Gozag
Makhleb
Ru
Trog

Shops:
D:2 ?:**(

Annotations:
D:3 Grinder, Terence
D:4 Pikel


Innate Abilities, Weirdness & Mutations

You are small and have problems with some larger weapons.
You are completely attuned to the shadows.


Message History

a +0 leather armour; a +2 hand axe of venom The helpless Pikel fails to defend himself.
You puncture Pikel!
Pikel is poisoned.
Pikel is moderately wounded.
Pikel hits you with a +2 whip of flaming!
Pikel burns you.
Casting: Ensorcelled Hibernation (safe; 11% risk of failure)
Confirm with . or Enter, or press ? or * to list all spells.
You don't know that spell.
Casting: Ensorcelled Hibernation (safe; 11% risk of failure)
Confirm with . or Enter, or press ? or * to list all spells.
Aiming: Ensorcelled Hibernation (safe; 11% risk of failure)
Press: ? - help, Shift-Dir - straight line, f/p - Pikel
Aim: Pikel, wielding a +2 whip of flaming and wearing a +0 robe (moderately wounded, very poisoned, not susceptible) Pikel is unaffected.
Pikel barely misses you.
Casting: Ensorcelled Hibernation (safe; 11% risk of failure)
Confirm with . or Enter, or press ? or * to list all spells.
Aiming: Ensorcelled Hibernation (safe; 11% risk of failure)
Press: ? - help, Shift-Dir - straight line, f/p - Pikel
Aim: Pikel, wielding a +2 whip of flaming and wearing a +0 robe (moderately wounded, very poisoned, not susceptible) Pikel is unaffected.
Pikel closely misses you.
You hit Pikel.
Pikel looks as sick as possible!
Pikel is moderately wounded.
Things that are here:
a +0 leather armour; a +2 hand axe of venom Pikel attacks as you move away!
Pikel hits you with a +2 whip of flaming!
Pikel burns you.
* * * LOW HITPOINT WARNING * * *
There is a stone staircase leading down here.
Pikel attacks as you move away!
Pikel hits you with a +2 whip of flaming.
* * * LOW HITPOINT WARNING * * *
Pikel burns you.
* * * LOW HITPOINT WARNING * * *
Pikel attacks as you move away!
Pikel hits you with a +2 whip of flaming.
* * * LOW HITPOINT WARNING * * *
Pikel burns you.
You die...

#..# #..[....#.#..###.# #..#
#.##.#.##.#......#
#####..#########.##...........###
............................###
##.##.[#########.####......##
##.##..### #.# ####.########
....5.5..# #.# #.# #.....
#####..#.#######.#######.# #.####
#..#....[>5K@........# #.#
#.<######>####...#######.#
#........)...............#
##############...######### #####


You could see Pikel (very poisoned) and a lemure.

Vanquished Creatures
  A bullfrog (D:5)
  An orc priest (D:5)
  A jelly (D:4)
  An iguana (D:4)
  2 orc wizards
  3 worms
  2 dart slugs
  15 orcs
  7 ball pythons
  7 bats
  7 endoplasms
  5 goblins
  5 hobgoblins
  3 jackals
  2 quokkas (D:2)
  3 frilled lizards
  7 kobolds
  2 rats (D:1)
74 creatures vanquished.

Notes
Turn   | Place    | Note
-------+----------+-------------------------------------------
     0 | D:1      | mdsw14 the Kobold Enchanter began the quest for the Orb.
     0 | D:1      | Reached XP level 1. HP: 10/10 MP: 3/3
   130 | D:1      | Reached XP level 2. HP: 15/15 MP: 5/5
   133 | D:1      | Learned a level 2 spell: Ensorcelled Hibernation
   719 | D:1      | Reached XP level 3. HP: 19/19 MP: 6/6
  1119 | D:2      | Found Fyam's Assorted Antiques.
  1160 | D:2      | Found Lisu's Weapon Boutique.
  1181 | D:2      | Found Gabu's Assorted Antiques.
  1185 | D:2      | Bought a scroll of identify for 60 gold pieces
  1224 | D:2      | Found a faded altar of an unknown god.
  1516 | D:2      | Found a bloodstained altar of Trog.
  1517 | D:2      | Found Imesez's Magic Scroll Shop.
  1671 | D:2      | Found Biobb's Book Boutique.
  1689 | D:2      | Reached skill level 1 in Fighting
  1875 | D:2      | Reached XP level 4. HP: 25/25 MP: 2/7
  1985 | D:3      | Noticed Terence
  2083 | D:3      | Noticed Grinder
  2255 | D:3      | Found a sacrificial altar of Ru.
  3132 | D:3      | Reached XP level 5. HP: 29/29 MP: 6/9
  3137 | D:3      | Learned a level 3 spell: Tukima's Dance
  3499 | D:5      | Entered Level 5 of the Dungeon
  3712 | D:4      | Noticed a lemure
  3717 | D:4      | Noticed a lemure
  3945 | D:4      | Found an opulent altar of Gozag.
  3960 | D:4      | Noticed a lemure
  4049 | D:4      | Reached skill level 5 in Stealth
  4100 | D:4      | Found a burning altar of Makhleb.
  4323 | D:4      | Noticed Pikel
  4538 | D:5      | Noticed a bullfrog
  4556 | D:5      | Killed a bullfrog
  4557 | D:5      | Reached XP level 6. HP: 25/35 MP: 5/10
  4665 | D:5      | Noticed an ice beast
  4900 | D:5      | Noticed an ogre
  5197 | D:4      | HP: 1/36 [Pikel/+2 whip of flaming (3)]
  5197 | D:4      | Slain by Pikel

Illustrated notes

Levels and vault maps discovered:
D:1:      saegor_arrival_simple_d, layout_loops_ring, minmay_cut_off
D:2:      layout_basic, serial_shops, nicolae_shop_window_shopping, shop,
          nicolae_shop_bloodbath_and_beyond, nicolae_shop_trees, shop,
          hellmonk_ecumenical_altar_run_dry, basic_altar
D:3:      layout_basic, nicolae_ru_the_path_less_chosen, minmay_starry_boxes,
          uniq_grinder, uniq_terence
D:4:      layout_loops_ring, mainiacjoe_overflow_six_doors_small,
          lemuel_doored_altar, uniq_pikel
D:5:      layout_rooms, nicolae_hepliaklqana_hippocampus,
          mainiacjoe_overflow_alcove_1

Skill      XL: |  1  2  3  4  5  6 |
---------------+-------------------+-----
Short Blades   | 2 3 |  3.5
Fighting       | 1 2 |  2.3
Dodging        | 3 |  3.8
Stealth        | 5 |  5.3
Spellcasting   | 3 |  3.2
Hexes          | 4 |  4.0

Action                     |  1- 3 |  4- 6 || total
---------------------------+-------+-------++-------
  Melee: Dagger            |    31 |       ||    31
         Short sword       |    29 |    75 ||   104
         Punch             |       |     1 ||     1
   Cast: Ensorcelled Hiber |    18 |    31 ||    49
    Use: Scroll            |     3 |     2 ||     5
   Stab: Sleeping          |    28 |    28 ||    56
         Distracted        |       |     1 ||     1
 Armour: Robe              |     6 |    13 ||    19
  Dodge: Dodged            |    43 |    54 ||    97

Table legend: (Time is in decaauts)
 A = Elapsed time spent in this place.
 B = Non-inter-level travel time spent in this place.
 C = Inter-level travel time spent in this place.
 D = Time resting spent in this place.
 E = Time spent auto-exploring this place.
 F = Levels seen in this place.
 G = Mean time per level.
                   A        B        C        D        E       F      G
               +--------+--------+--------+--------+--------+-----+--------+
         Total |   5197 |   4763 |    434 |    786 |   2230 |   5 | 1039.4 |
       Dungeon |   5197 |   4763 |    434 |    786 |   2230 |   5 | 1039.4 |
               +--------+--------+--------+--------+--------+-----+--------+

Top non-repeatable levels by time:
     D:3: 1544 daAuts
     D:4: 1454 daAuts
     D:2: 1000 daAuts
     D:1: 987 daAuts
     D:5: 209 daAuts
